 Dungeon Crawl Stone Soup version 0.29-a0-876-gfc89b1a5bd (webtiles) character file.

Game seed: 10947283021649259287

11390 funkygono the Carver (level 11, -6/99 HPs)
             Began as a Minotaur Fighter on July 19, 2022.
             Was a High Priest of Okawaru.
             Mangled by a cane toad (15 damage)
             ... on level 1 of the Lair of Beasts.
             The game lasted 00:19:24 (11630 turns).

funkygono the Carver (Minotaur Fighter)            Turns: 11630, Time: 00:19:25

Health: -6/99      AC: 26    Str: 25    XL:     11   Next: 48%
Magic:  9/10       EV:  8    Int:  5    God:    Okawaru [*****.]
Gold:   491        SH:  7    Dex: 10    Spells: 10/10 levels left

rFire   . . .      SeeInvis .   a - +2 long sword (venom)
rCold   . . .      Faith    .   o - +1 buckler "Luacvomm" {rCorr}
rNeg    . . .      Spirit   .   s - +1 plate armour
rPois   .          Reflect  .   R - +1 hat
rElec   .          Harm     .   E - +2 cloak
rCorr   +          Rampage  .   S - +0 pair of gloves
Will    +....                   (no boots)
Stlth   ..........              O - amulet of regeneration
HPRegen 1.06/turn               g - +4 ring of protection
MPRegen 0.12/turn               B - ring of willpower

@: lethally poisoned (-6 -> -6)
A: horns 2, retaliatory headbutt
a: Renounce Religion, Heroism, Finesse, Duel


You were on level 1 of the Lair of Beasts.
You worshipped Okawaru.
Okawaru was extremely pleased with you.
You visited 3 branches of the dungeon, and saw 13 of its levels.
You also visited: Sewer.

You collected 821 gold pieces.
You spent 330 gold pieces at shops.

Inventory:

Hand Weapons
 a - a +2 long sword of venom (weapon)
 U - a +0 quarterstaff of freezing
 W - a +1 falchion of protection
Armour
 o - the +1 buckler "Luacvomm" (worn) {rCorr}
   (You found it on level 2 of the Dungeon)

   rCorr:     It protects you from acid and corrosion.
 s - a +1 plate armour (worn)
 E - a +2 cloak (worn)
 R - a +1 hat (worn)
 S - a +0 pair of gloves (worn)
Jewellery
 g - a +4 ring of protection (left hand)
 p - a ring of protection from cold
 B - a ring of willpower (right hand)
 O - an amulet of regeneration (around neck)
 T - a ring of ice
Wands
 j - a wand of paralysis (20)
 u - a wand of iceblast (14)
 A - a wand of flame (26)
 K - a wand of mindburst (9)
Scrolls
 f - 5 scrolls of fog
 l - a scroll of amnesia
 m - a scroll of silence
 z - 7 scrolls of teleportation
 N - a scroll of identify
 Q - 2 scrolls of magic mapping
Potions
 d - 2 potions of might
 e - a potion of brilliance
 h - 6 potions of mutation
 k - 2 potions of berserk rage
 q - 7 potions of flight
 r - a potion of invisibility
 v - 7 potions of curing
 C - 4 potions of heal wounds
 F - a potion of resistance
 I - 2 potions of cancellation
 V - a potion of lignification
Miscellaneous
 P - a phial of floods


   Skills:
 + Level 9.8 Fighting
 + Level 13.1 Long Blades
 + Level 12.0 Armour
 + Level 1.9 Dodging
 + Level 2.0 Stealth
 + Level 10.0 Shields
 + Level 0.4 Invocations
 + Level 0.2 Evocations


You had 10 spell levels left.
You didn't know any spells.
Your spell library contained the following spells:

 Spells                   Type           Power      Damage    Failure   Level
 Freeze                   Ice            0%         1d3       99%         1
 Magic Dart               Conj           0%         1d3       99%         1
 Necrotise                Necr           0%         1d4       99%         1
 Searing Ray              Conj           0%         2d4       100%        2
 Frozen Ramparts          Ice            0%         1d2       100%        3
 Vampiric Draining        Necr           0%         2d6       100%        3
 Fulminant Prism          Conj/Hex       0%         3d6       100%        4
 Hailstorm                Conj/Ice       0%         3d3       100%        4
 Petrify                  Tmut/Erth      0%         N/A       100%        4
 Agony                    Necr           0%         N/A       100%        5
 Metabolic Englaciation   Hex/Ice        0%         N/A       100%        5
 Statue Form              Tmut/Erth      0%         N/A       100%        6


Dungeon Overview and Level Annotations

Branches:
Dungeon (11/15)            Temple (1/1) D:5            Lair (1/5) D:11
    Orc (0/2) D:10          Sewer (visited)

Altars:
Ashenzari
Cheibriados
Dithmenos
Elyvilon
Fedhas
Gozag
Hepliaklqana
Kikubaaqudgha
Okawaru
Ru
Sif Muna
Trog
Uskayaw
Vehumet
Wu Jian
Xom
Yredelemnul
The Shining One

Shops:
D:8 *


Innate Abilities, Weirdness & Mutations

You have a pair of horns on your head.
You reflexively headbutt those who attack you in melee.


Message History

The black mamba is severely wounded.
You feel very sick. The black mamba closely misses you.
The cane toad stings you!
* * * LOW HITPOINT WARNING * * *
The black mamba closely misses you. You furiously retaliate!
You headbutt the black mamba. You closely miss the black mamba.
You headbutt the black mamba, but do no damage.
The black mamba is almost dead.
You feel very sick. You block the cane toad's attack.
You block the black mamba's attack.
You miss the black mamba.
You headbutt the black mamba, but do no damage.
The black mamba is almost dead.
You feel very sick. You block the black mamba's attack.
The cane toad stings you but does no damage.
You slash the black mamba!
You kill the black mamba!
Okawaru accepts your kill.
You feel sick. You block the cane toad's attack.
Your base Armour skill increases to level 12!
Your base Stealth skill increases to level 2!
Unknown command.
You feel sick. The cane toad stings you.
* * * LOW HITPOINT WARNING * * *
You see here a black mamba corpse.
You slash the cane toad! Your headbutt misses the cane toad.
The cane toad is heavily wounded.
You feel sick.
The cane toad stings you but does no damage.
You closely miss the cane toad.
The cane toad is heavily wounded.
You feel like a meek peon again.
You feel sick. The cane toad barely misses you. You furiously retaliate!
You headbutt the cane toad. You slash the cane toad!
The cane toad is severely wounded.
You feel sick. The cane toad stings you!
You die...

.......# ......#
#...... ##.....##
.#... ....... .#..#
#....# .#..#
##....# .#..#
#..F@.# ...>#
##....# .#..#
#.....## ##..#
##.....# ....#
#P....## .#..####
####....#
.#..#..###.###....#
.#................#
.#..#'#+P#####....#


You could see a cane toad.

Vanquished Creatures
  Fannar (D:10)
  A two-headed ogre (D:10)
  An ugly thing (D:8)
  A manticore (D:11)
  A cyclops (D:11)
  A black mamba (Lair:1)
  A kobold demonologist (D:11)
  Grinder (D:3)
  A troll (D:10)
  A shadow (D:10)
  21 yaks
  A basilisk (D:11)
  A wyvern (Lair:1)
  A wraith (D:10)
  Eustachio (D:5)
  A steam dragon (D:7)
  4 vampire mosquitoes (D:11)
  4 acid dragons
  Menkaure (D:6)
  Duvessa (D:5)
  A sky beast (D:6)
  3 orc warriors
  A black bear (D:7)
  An ogre (D:6)
  A bullfrog (D:7)
  A kobold brigand (D:6)
  Blork the orc (D:5)
  4 scorpions
  A gnoll sergeant (D:8)
  A necrophage (D:4)
  Dowan (D:5)
  12 wights
  3 jellies
  4 hounds
  2 gnoll boudas (D:5)
  6 orc priests
  4 iguanas
  4 orc wizards
  10 gnolls
  26 adders
  8 river rats
  A shadow imp (D:6)
  A white imp (D:7)
  9 worms
  7 dart slugs
  23 orcs
  11 bats
  10 endoplasms
  9 giant cockroaches
  2 goblins
  5 hobgoblins
  15 jackals
  3 quokkas
  17 ball pythons
  11 frilled lizards
  15 kobolds
  14 rats
294 creatures vanquished.

Vanquished Creatures (others)
  2 plants (Lair:1)
2 creatures vanquished.

Grand Total: 296 creatures vanquished

Notes
Turn   | Place    | Note
-------+----------+-------------------------------------------
     0 | D:1      | funkygono the Minotaur Fighter began the quest for the Orb.
     0 | D:1      | Reached XP level 1. HP: 19/19 MP: 0/0
    78 | D:1      | Reached XP level 2. HP: 27/27 MP: 1/1
   430 | D:1      | Reached skill level 3 in Long Blades
   610 | D:1      | Found a faded altar of an unknown god.
   716 | D:2      | Reached XP level 3. HP: 30/33 MP: 2/2
   776 | D:2      | Identified the +1 buckler "Luacvomm" {rCorr}
  1089 | D:2      | Identified the +0 leather armour "Olaiveb" {rF+}
  1132 | D:2      | Reached XP level 4. HP: 37/40 MP: 3/3
  1455 | D:2      | Noticed a scorpion
  1469 | D:2      | Killed a scorpion
  1470 | D:2      | Reached skill level 4 in Long Blades
  1470 | D:2      | Reached XP level 5. HP: 35/47 MP: 4/4
  1799 | D:3      | Noticed Grinder
  1799 | D:3      | Paralysed by Grinder for 3 turns
  1827 | D:3      | Killed Grinder
  1828 | D:3      | Reached skill level 5 in Long Blades
  1828 | D:3      | Reached skill level 5 in Armour
  1828 | D:3      | Reached skill level 1 in Dodging
  1828 | D:3      | Reached XP level 6. HP: 4/55 MP: 5/5
  2504 | D:3      | Identified the +1 robe "Mimpet" {rElec Dex+3}
  2510 | D:3      | Found a shimmering altar of Xom.
  2873 | D:4      | Reached skill level 6 in Long Blades
  3268 | D:4      | Reached skill level 5 in Fighting
  3367 | D:4      | Reached XP level 7. HP: 61/61 MP: 6/6
  3882 | D:5      | Entered Level 5 of the Dungeon
  3983 | D:5      | Found a sacrificial altar of Ru.
  4129 | D:5      | Reached skill level 7 in Long Blades
  4180 | D:5      | Noticed Duvessa
  4180 | D:5      | Noticed Dowan
  4192 | D:5      | Killed Dowan
  4193 | D:5      | Reached skill level 5 in Shields
  4204 | D:5      | Killed Duvessa
  4231 | D:5      | Noticed Eustachio
  4247 | D:5      | Killed Eustachio
  4248 | D:5      | Reached skill level 8 in Long Blades
  4365 | D:5      | Found a shadowy altar of Dithmenos.
  4366 | D:5      | Found a broken altar of Ashenzari.
  4404 | D:5      | Reached XP level 8. HP: 63/69 MP: 7/7
  4417 | D:5      | Noticed Blork the orc
  4439 | D:5      | Killed Blork the orc
  4483 | D:5      | Found a glowing drain.
  4492 | Sewer    | Entered a sewer
  5276 | D:5      | Reached skill level 9 in Long Blades
  5763 | D:5      | Found a staircase to the Ecumenical Temple.
  5843 | Temple   | Entered the Ecumenical Temple
  5850 | Temple   | Became a worshipper of Warmaster Okawaru
  6237 | D:6      | Noticed Menkaure
  6241 | D:6      | Killed Menkaure
  6577 | D:6      | Reached skill level 10 in Long Blades
  6577 | D:6      | Reached XP level 9. HP: 49/79 MP: 8/8
  6987 | D:6      | Found a shimmering blue altar of Sif Muna.
  7421 | D:7      | Reached * piety under Okawaru
  8003 | D:7      | Reached skill level 11 in Long Blades
  8338 | D:8      | Found a white marble altar of Elyvilon.
  8580 | D:8      | Reached ** piety under Okawaru
  8690 | D:8      | Noticed a brown ugly thing
  8704 | D:8      | Killed a brown ugly thing
  8986 | D:8      | Found Duskiv's Neck Hole.
  8994 | D:8      | Bought an amulet of regeneration for 330 gold pieces
  9187 | D:8      | Reached XP level 10. HP: 81/83 MP: 9/9
  9194 | D:8      | Found a bloodstained altar of Trog.
  9378 | D:9      | Reached skill level 12 in Long Blades
  9411 | D:9      | Reached *** piety under Okawaru
  9415 | D:9      | Received a gift from Okawaru
  9416 | D:9      | Reached skill level 10 in Armour
  9936 | D:10     | Entered Level 10 of the Dungeon
 10088 | D:10     | Found an ornate altar of the Wu Jian Council.
 10132 | D:10     | Noticed Fannar
 10161 | D:10     | Killed Fannar
 10161 | D:10     | Reached **** piety under Okawaru
 10360 | D:10     | Noticed a two-headed ogre
 10371 | D:10     | Killed a two-headed ogre
 10372 | D:10     | Reached XP level 11. HP: 84/97 MP: 10/10
 10450 | D:10     | Found a staircase to the Orcish Mines.
 10652 | D:11     | Noticed a soul eater
 10654 | D:11     | Noticed a sun demon
 10676 | D:11     | Reached ***** piety under Okawaru
 10757 | D:11     | Found a staircase to the Lair.
 10780 | D:11     | Reached skill level 1 in Stealth
 10872 | D:11     | Reached skill level 13 in Long Blades
 10953 | D:11     | Received a gift from Okawaru
 11067 | D:11     | Reached skill level 10 in Shields
 11521 | Lair:1   | Entered Level 1 of the Lair of Beasts
 11630 | Lair:1   | Mangled by a cane toad

Illustrated notes

Levels and vault maps discovered:
D:1:      lightli_arrival_statue_moat, layout_rooms,
          shapermc_ecumenical_altar_petra, minmay_misc_feat_x, grunt_decor_cap,
          minmay_pentomino_w2
D:2:      kennysheep_six_static_rooms, layout_basic, st_stairs_9
D:3:      layout_loops_ring, xom_teletrap_fun, st_stairs_7, minivault_11,
          uniq_grinder
D:4:      layout_layer_cave
D:5:      layout_loops_cross, general_overflow_altar,
          chequers_temple_overflow_statue_of_worship,
          minmay_temple_entry_nine_rooms, lightli_sewer_entry_pipes,
          uniq_blork_the_orc, uniq_eustachio, uniq_duvessa
D:6:      layout_basic, kennysheep_orc_sif_temple,
          chequers_serial_rivers_room_b, uniq_menkaure
D:7:      layout_loops_corners
D:8:      layout_gridville, nicolae_overflow_crystal_walls, marbit_many_paths,
          nicolae_shop_sticking_my_neck_out
D:9:      layout_rooms
D:10:     layout_roguey, mainiacjoe_overflow_chevrons, uniq_fannar
D:11:     layout_cross, lair_entry_dummy
Temple:   eino_temple_lava
Lair:1:   layout_chaotic_city

Skill      XL: |  1  2  3  4  5  6  7  8  9 10 11 |
---------------+----------------------------------+-----
Fighting       | 4 5 7 9 |  9.8
Shields        | 4 5 6 8 10 | 10.0
Long Blades    | 3 4 5 6 8 10 11 12 13 | 13.1
Armour         | 4 5 6 7 9 11 12 | 12.0
Dodging        | 1 |  1.9
Stealth        | 2 |  2.0
Invocations    | |  0.4
Evocations     | |  0.2

Action                   |  1- 3 |  4- 6 |  7- 9 | 10-12 || total
-------------------------+-------+-------+-------+-------++-------
Melee: Long sword        |    80 |   136 |   512 |   287 ||  1015
       Headbutt          |    10 |    15 |    90 |    69 ||   184
Invok: Heroism           |       |       |       |     7 ||     7
Evoke: Wand              |       |       |       |     3 ||     3
  Use: Scroll            |       |     9 |    10 |     7 ||    26
       Potion            |       |       |       |     2 ||     2
 Stab: Paralysed         |       |       |       |     3 ||     3
Armor: Scale mail        |    31 |       |       |       ||    31
       Plate armour      |       |    82 |   360 |   244 ||   686
Dodge: Dodged            |    37 |    37 |   154 |   119 ||   347
Block: Buckler           |    17 |    40 |   157 |   135 ||   349

Table legend: (Time is in decaauts)
 A = Elapsed time spent in this place.
 B = Non-inter-level travel time spent in this place.
 C = Inter-level travel time spent in this place.
 D = Time resting spent in this place.
 E = Time spent auto-exploring this place.
 F = Levels seen in this place.
 G = Mean time per level.
                   A        B        C        D        E       F      G
               +--------+--------+--------+--------+--------+-----+--------+
         Total |  11810 |  11169 |    641 |    561 |   8069 |  14 |  843.6 |
       Dungeon |  10789 |  10154 |    635 |    561 |   7441 |  11 |  980.8 |
        Temple |     17 |     14 |      3 |      0 |      0 |   1 |   17.0 |
          Lair |     88 |     86 |      2 |      0 |     54 |   1 |   88.0 |
         Sewer |    916 |    916 |      0 |      0 |    573 |   1 |  916.0 |
               +--------+--------+--------+--------+--------+-----+--------+

Top non-repeatable levels by time:
     D:5: 1650 daAuts
     D:6: 1269 daAuts
     D:2: 1105 daAuts
     D:4: 1079 daAuts
     D:8: 1058 daAuts
     D:3: 1024 daAuts
     D:7: 992 daAuts
   Sewer: 916 daAuts
     D:1: 716 daAuts
    D:10: 689 daAuts
     D:9: 613 daAuts
    D:11: 590 daAuts
  Lair:1: 88 daAuts
  Temple: 17 daAuts
